 Dungeon Sprint DCSS version 0.20.1-1-g8b1a95d (webtiles) character file.

163 potatolord6000 the Shooter (level 5, 0/48 HPs)
             Began as a Centaur Arcane Marksman on Aug 22, 2017.
             Slain by a rakshasa (illusionary)
             ... wielding a +0 hand axe of chopping
              (8 damage)
             ... in the Dungeon (Sprint V: "Ziggurat Sprint").
             The game lasted 00:05:04 (414 turns).

potatolord6000 the Shooter (Centaur Arcane Marksman) Turns: 414, Time: 00:05:05

Health: 0/48       AC:  4    Str: 13    XL:     5   Next: 20%
Magic:  5/10       EV: 10    Int: 12    God:
Gold:   0          SH:  0    Dex: 22    Spells: 5/11 levels left

rFire    . . .     SeeInvis .   C - +5 demon blade
rCold    . . .     Gourm    .   (no shield)
rNeg     . . .     Faith    .   l - +0 robe
rPois    .         Spirit   .   (no helmet)
rElec    .         Reflect  .   (no cloak)
rCorr    .         Harm     .   (no gloves)
MR       .....     NoTele   +   (no barding)
Stlth    +.........             (no amulet)
Regen    0.2/turn               a - +6 ring of dexterity
MPRegen  0.2/turn               m - +6 ring of dexterity

@: very quick
A: hooves 3, deformed body, speed 2, tough skin 3
a: no special abilities


You were in the Dungeon.
You were not hungry.

You visited 1 branch

Inventory:

Hand Weapons
 b - the +7 longbow "Piercer" {penet, EV-2}
   (You found it in the Dungeon)

   Ammo fired by it will pass through the targets it hits, potentially hitting
   all targets in its path until it reaches maximum range.
   It affects your evasion (-2).
 C - a +5 demon blade (weapon)
Missiles
 d - 1014 arrows
Armour
 l - a +0 robe (worn)
Jewellery
 a - a +6 ring of dexterity (left hand)
 m - a +6 ring of dexterity (right hand)
Scrolls
 k - 4 scrolls of blinking
 t - 4 scrolls of amnesia
 u - 3 scrolls of recharging
 v - 7 scrolls of fog
 w - a scroll of holy word
 x - 5 scrolls of identify
 y - 5 scrolls of remove curse
 z - 2 scrolls of fear
Potions
 e - 10 potions of curing
 g - 7 potions of heal wounds
 h - 5 potions of haste
 i - 7 potions of magic
 j - 3 potions of berserk rage
 n - 2 potions of brilliance
 o - a potion of invisibility
 p - 4 potions of resistance
 r - 5 potions of agility
 s - 4 potions of might
Books
 c - a book of Debilitation

   Spells                             Type                      Level
   a - Corona                         Hexes                        1
   b - Slow                           Hexes                        2
   c - Inner Flame                    Hexes/Fire                   3
   d - Portal Projectile              Hexes/Translocation          3
   e - Cause Fear                     Hexes                        4
   f - Leda's Liquefaction            Hexes/Earth                  4
Comestibles
 f - 5 bread rations
 A - 42 fruits
 B - 4 meat rations


   Skills:
 + Level 5.1 Fighting
 + Level 4.5 Long Blades
 + Level 7.2 Bows
 - Level 1.3 Dodging
 + Level 3.9 Spellcasting
 + Level 5.5 Hexes


You had 5 spell levels left.
You knew the following spells:

 Your Spells              Type           Power        Failure   Level  Hunger
a - Corona                Hex            ###....      2%          1    #......
b - Slow                  Hex            ###.....     3%          2    ##.....
c - Portal Projectile     Hex/Tloc       #.....       22%         3    ###....


Dungeon Overview and Level Annotations

Branches:
Dungeon (1/1)

Altars:
Ashenzari
Cheibriados
Dithmenos
Elyvilon
Fedhas
Gozag
Hepliaklqana
Kikubaaqudgha
Makhleb
Nemelex Xobeh
Okawaru
Qazlal
Ru
Sif Muna
Trog
Uskayaw
Vehumet
Xom
Yredelemnul
Zin
The Shining One
Beogh
Jiyva
Lugonu

Annotations:
D 1 transporter


Innate Abilities, Weirdness & Mutations

You have hooves in place of feet.
Armour fits poorly on your strangely shaped body.
You cover ground very quickly.
You have extremely tough skin. (AC +3)


Message History

C - a +5 demon blade (weapon)
The ufetubus misses you.
You riposte.
You closely miss the ufetubus. The ufetubus hits you.
You barely miss the rakshasa. Your kick misses the rakshasa.
The rakshasa is severely wounded.
The ufetubus hits you but does no damage. x2
The rakshasa hits you with a +0 hand axe of chopping!
The rakshasa blinks!
The rakshasa hits you with a +0 hand axe of chopping!
* * * LOW HITPOINT WARNING * * *
The ufetubus hits you.
* * * LOW HITPOINT WARNING * * *
The ufetubus closely misses you.
You closely miss the rakshasa. You kick the rakshasa!
The rakshasa is almost dead.
The ufetubus hits you.
* * * LOW HITPOINT WARNING * * *
The ufetubus barely misses you.
The rakshasa hits you with a +0 hand axe of chopping!
You die...

▓▓▓▓▓▓▓▓▓▓▓▓▓
▓.8©8.▓.8©8.▓
▓.((:R▓.....▓
▓(.(..▓.).|.▓
▓.....▓.....▓
▓.....▓.....▓
▓.RR..▓.....▓
▓55@..▓▓▓▓▓▓▓
▓▓▓▓▓▓▓


You could see 3 rakshasas and 2 ufetubi.

Vanquished Creatures
  A flying skull (D)
  A white imp (D)
2 creatures vanquished.

Vanquished Creatures (others)
  A lurking horror (D)
1 creature vanquished.

Grand Total: 3 creatures vanquished

Notes
Turn   | Place    | Note
-------+----------+-------------------------------------------
     0 | D        | potatolord6000 the Centaur Arcane Marksman began the quest for the Orb.
     0 | D        | Reached XP level 1. HP: 16/16 MP: 2/2
     2 | D        | Found a blossoming altar of Fedhas.
     3 | D        | Found a viscous altar of Jiyva.
     3 | D        | Found a transporter.
     3 | D        | Found a hazy altar of Hepliaklqana.
     3 | D        | Found an ancient bone altar of Kikubaaqudgha.
     3 | D        | Found an opulent altar of Gozag.
     3 | D        | Found a corrupted altar of Lugonu.
    13 | D        | Found a burning altar of Makhleb.
    14 | D        | Found a stormy altar of Qazlal.
    14 | D        | Found an iron altar of Okawaru.
    14 | D        | Found a sacrificial altar of Ru.
    14 | D        | Found a sparkling altar of Nemelex Xobeh.
    14 | D        | Found a deep blue altar of Sif Muna.
    14 | D        | Found a bloodstained altar of Trog.
    92 | D        | Reached skill level 5 in Bows
    92 | D        | Reached XP level 2. HP: 26/26 MP: 2/5
    96 | D        | Learned a level 2 spell: Slow
   219 | D        | Entered arena 2.
   219 | D        | Noticed a flying skull
   219 | D        | Found a transporter.
   224 | D        | Killed a flying skull
   224 | D        | Reached skill level 5 in Fighting
   224 | D        | Reached skill level 7 in Bows
   224 | D        | Reached skill level 5 in Hexes
   224 | D        | Reached XP level 3. HP: 18/36 MP: 6/8
   224 | D        | Reached XP level 4. HP: 21/42 MP: 6/9
   224 | D        | Reached XP level 5. HP: 24/48 MP: 6/10
   402 | D        | Learned a level 3 spell: Portal Projectile
   402 | D        | Entered arena 3.
   402 | D        | Noticed a rakshasa
   402 | D        | Found a transporter.
   414 | D        | Slain by a rakshasa (illusionary)

Skill      XL: |  1  2 |
---------------+-------+-----
Fighting       | 3 5 |  5.1
Long Blades    | 2 4 |  4.5
Bows           | 5 7 |  7.2
Spellcasting   | 2 3 |  3.9
Hexes          | 4 5 |  5.5
Dodging        | |  1.3

Action                   |  1- 3 |  4- 6 || total
-------------------------+-------+-------++-------
Melee: Demon blade       |     2 |     2 ||     4
       Kick              |     1 |     1 ||     2
 Fire: Longbow           |     2 |     5 ||     7
 Cast: Portal Projectile |       |     1 ||     1
  Use: Potion            |     4 |     3 ||     7
Armor: Robe              |       |    13 ||    13
Dodge: Dodged            |     1 |    16 ||    17
       Rpst.: Demon blade |       |     1 ||     1
